 Seeded DCSS version 0.27-a0-562-g0d39f094a4 (webtiles) character file.

Game seed: 16989952797484863983 (custom seed)

3301 karrick the Cleaver (level 9, -2/69 HPs)
             Began as a Demonspawn Delver on Mar 8, 2021.
             Was an Elder of Okawaru.
             Slain by an ogre zombie (10 damage)
             ... on level 10 of the Dungeon.
             The game lasted 00:15:17 (11312 turns).

karrick the Cleaver (Demonspawn Delver)            Turns: 11312, Time: 00:15:18

Health: -2/69      AC:  8    Str: 16    XL:     9   Next: 70%
Magic:  14/14      EV: 15    Int: 12    God:    Okawaru [****..]
Gold:   460        SH:  4    Dex: 26    Spells: 8/8 levels left

rFire    + . .     SeeInvis .   u - +5 hand axe
rCold    . . .     Faith    .   (no shield)
rNeg     . . .     Spirit   .   y - +2 leather armour {rF+}
rPois    .         Reflect  .   (helmet restricted)
rElec    .         Harm     .   H - scarf {+Inv}
rCorr    .         Rampage  .   C - +0 pair of gloves
Will     .....                  (no boots)
Stlth    ++++......             (no amulet)
HPRegen  0.21/turn              N - +6 ring of dexterity
MPRegen  0.14/turn              t - +6 ring of dexterity

@: no status effects
A: antennae 2, sharp scales 2, condensation shield
a: Renounce Religion, Evoke Invisibility, Heroism


You were on level 10 of the Dungeon.
You worshipped Okawaru.
Okawaru was greatly pleased with you.
You visited 2 branches of the dungeon, and saw 11 of its levels.

You collected 460 gold pieces.

Inventory:

Hand Weapons
 a - a +0 hand axe
 u - a +5 hand axe (weapon)
 G - a +2 vorpal flail
 L - a +3 flail of freezing
Armour
 i - a +0 cloak
 k - +0 gold dragon scales
 y - a +2 leather armour of fire resistance (worn)
 C - a +0 pair of gloves (worn)
 H - a scarf of invisibility (worn)
 I - a +1 leather armour of poison resistance
Jewellery
 p - a ring of protection from fire
 t - a +6 ring of dexterity (right hand)
 B - a ring of flight
 E - a ring of magical power
 N - a +6 ring of dexterity (left hand)
 O - a ring of magical power
 P - a ring of see invisible
Wands
 b - a wand of flame (20)
 g - a wand of digging (3)
 m - a wand of polymorph (4)
 J - a wand of mindburst (5)
 K - a wand of paralysis (13)
 M - a wand of charming (9)
Scrolls
 c - a scroll of fog
 d - 2 scrolls of magic mapping
 e - 5 scrolls of teleportation {unknown}
 f - 6 scrolls of identify {unknown}
 h - 2 scrolls of enchant weapon {unknown}
 n - 2 scrolls of immolation {unknown}
 r - 3 scrolls of enchant armour {unknown}
 v - a scroll of blinking {unknown}
 D - 2 scrolls of random uselessness {unknown}
Potions
 j - a potion of cancellation {unknown}
 l - 2 potions of attraction
 o - a potion of mutation {unknown}
 q - a potion of might {unknown}
 s - 3 potions of curing
 w - 2 potions of flight
 x - 2 potions of heal wounds {unknown}
 z - 3 potions of brilliance {unknown}
 A - a potion of degeneration {unknown}
 F - a potion of berserk rage {unknown}


   Skills:
 + Level 5.6 Fighting
 + Level 8.1 Axes
 + Level 3.6 Armour
 + Level 4.0 Dodging
 + Level 6.2 Stealth
 + Level 2.3 Shields
 * Level 7.0 Invocations


You had 8 spell levels left.
You didn't know any spells.
Your spell library contained the following spells:

 Spells                   Type           Power      Damage    Failure   Level
 Animate Skeleton         Necr           0%         N/A       36%         1
 Apportation              Tloc           0%         N/A       36%         1
 Corona                   Hex            0%         N/A       36%         1
 Magic Dart               Conj           0%         1d3       36%         1
 Summon Small Mammal      Summ           0%         N/A       36%         1
 Blink                    Tloc           N/A        N/A       52%         2
 Call Imp                 Summ           0%         N/A       52%         2
 Slow                     Hex            0%         N/A       52%         2
 Conjure Flame            Conj/Fire      0%         6-21      75%         3
 Mephitic Cloud           Conj/Pois/Air  0%         N/A       75%         3


Dungeon Overview and Level Annotations

Branches:
Dungeon (10/15)            Temple (1/1) D:7             Orc (0/2) D:10
   Lair: D:8-11

Altars:
Ashenzari
Cheibriados
Dithmenos
Elyvilon
Fedhas
Hepliaklqana
Kikubaaqudgha
Makhleb
Nemelex Xobeh
Okawaru
Qazlal
Ru
Sif Muna
Trog
Uskayaw
Vehumet
Wu Jian
Xom
Yredelemnul
Zin
The Shining One

Shops:
D:6 :

Annotations:
D:9 Erolcha


Innate Abilities, Weirdness & Mutations

You have a pair of antennae on your head.
You are mostly covered in razor-sharp scales. (AC +2, Slay +2)
A meltable shield of frost defends you. (SH +4)


Message History

The shadow slips into darkness.
The shadow flickers and vanishes!
Deactivating autopickup; reactivate with Ctrl-A.
The ogre zombie completely misses you.
An orc zombie comes into view.
The phantom hits you but does no damage.
Unknown command.
You slash the ogre zombie!
The ogre zombie is lightly damaged.
You closely miss the goblin zombie. You hit the phantom.
You slash the ogre zombie! The ogre zombie closely misses you.
The ogre zombie hits you but does no damage.
You block the phantom's attack.
You slash the ogre zombie!
The ogre zombie is heavily damaged.
You closely miss something. You slash the phantom! You hit the ogre zombie.
The ogre zombie hits you.
You hit the ogre zombie.
The ogre zombie is heavily damaged.
You hit something. You slash the phantom! You hit the ogre zombie.
The phantom closely misses you. You block the ogre zombie's attack.
The shadow strikes at you from the darkness!
* * * LOW HITPOINT WARNING * * *
Reactivating autopickup.
You slash the ogre zombie!
The ogre zombie is severely damaged.
You hit the shadow. You hit the phantom.
You destroy the phantom!
Okawaru accepts your kill.
You slash the ogre zombie! The ogre zombie barely misses you.
The ogre zombie hits you.
* * * LOW HITPOINT WARNING * * *
The shadow hits you!
* * * LOW HITPOINT WARNING * * *
It was a potion of curing.
You feel better.
A two-headed ogre zombie comes into view.
The shadow hits you.
* * * LOW HITPOINT WARNING * * *
The ogre zombie hits you!
You die...

.Z8...>...8..
#^..........#
...........#
#######.Z.......#
#.....#/..ZZZ...# #####
#.....#.ZZZZZ...#
<...###.....#.ZWZ8Z...#
....'.'.....####@ZZ####
....###.......###Z###.#
....# #.......# #.....#
##### #.......#
#####.### ####'####
#...# #...#### ###'#
###....# #.# ######'##
#.# #.......# #.#


You could see a shadow, a goblin zombie, a hobgoblin zombie, 9 orc zombies, 4
ogre zombies and a two-headed ogre zombie (wandering).

Vanquished Creatures
  Prince Ribbit (D:7)
  Eustachio (D:4)
  A two-headed ogre zombie (D:10)
  5 sky beasts
  2 ice beasts
  An orc warrior (D:7)
  4 ogres
  A necrophage (D:7)
  3 phantoms
  A bullfrog (D:7)
  2 scorpions
  3 wights (D:9)
  2 howler monkeys
  5 hounds
  A quasit (D:8)
  2 orc priests
  3 jellies
  Jessica (D:2)
  An iguana (D:8)
  6 orc wizards
  Natasha (thrice) (D:2)
  4 worker ants
  An ogre zombie (D:10)
  A howler monkey zombie (D:7)
  Robin (D:2)
  10 adders
  8 river rats (D:5)
  3 shadow imps
  A white imp (D:10)
  3 ufetubi
  An ooze (D:3)
  An adder skeleton (D:4)
  3 worms
  3 dart slugs
  3 leopard geckos
  19 orcs
  3 giant cockroaches
  14 goblins
  7 hobgoblins
  11 jackals
  7 quokkas
  A ball python skeleton (D:4)
  4 bats
  2 frilled lizards (D:1)
  A goblin skeleton (D:10)
  A hobgoblin skeleton (D:10)
  A hobgoblin zombie (D:10)
  A jackal skeleton (D:4)
  4 kobolds
  2 orc skeletons (D:10)
  6 orc zombies (D:10)
  22 rats
198 creatures vanquished.

Vanquished Creatures (others)
  A plant (D:1)
1 creature vanquished.

Grand Total: 199 creatures vanquished

Notes
Turn   | Place    | Note
-------+----------+-------------------------------------------
     0 | D:5      | karrick the Demonspawn Delver began the quest for the Orb.
     0 | D:5      | Reached XP level 1. HP: 18/18 MP: 1/1
     1 | D:6      | Found a stormy altar of Qazlal.
    33 | D:7      | Found a staircase to the Ecumenical Temple.
    33 | D:7      | Noticed a jelly
    41 | Temple   | Entered the Ecumenical Temple
   312 | Temple   | Became a worshipper of Warmaster Okawaru
   370 | D:4      | Noticed a hound
   380 | D:4      | Killed a hound
   381 | D:4      | Reached skill level 2 in Axes
   381 | D:4      | Reached skill level 5 in Stealth
   381 | D:4      | Gained mutation: A meltable shield of frost defends you.
                  | (SH +4) [demonic ancestry]
   381 | D:4      | Reached XP level 2. HP: 7/24 MP: 2/2
   381 | D:4      | Reached XP level 3. HP: 9/29 MP: 3/3
   606 | D:4      | Noticed Eustachio
  1079 | D:2      | Found a faded altar of an unknown god.
  1313 | D:1      | Reached skill level 1 in Armour
  1594 | D:1      | Gained mutation: You are partially covered in razor-sharp
                  | scales. (AC +1, Slay +1) [demonic ancestry]
  1594 | D:1      | Reached XP level 4. HP: 33/35 MP: 4/4
  2355 | D:1      | Found a sparkling altar of Nemelex Xobeh.
  2718 | D:2      | Noticed Natasha
  2726 | D:2      | Killed Natasha
  2873 | D:2      | Noticed Robin
  2880 | D:2      | Noticed Jessica
  2882 | D:2      | Reached skill level 1 in Invocations
  2884 | D:2      | Gained mutation: You are mostly covered in razor-sharp
                  | scales. (AC +2, Slay +2) [demonic ancestry]
  2884 | D:2      | Reached XP level 5. HP: 41/41 MP: 5/5
  2894 | D:2      | Killed Jessica
  2895 | D:2      | Reached skill level 3 in Axes
  2897 | D:2      | Killed Robin
  2991 | D:2      | Noticed Natasha
  3004 | D:2      | Killed Natasha
  3272 | D:2      | Noticed Natasha
  3291 | D:2      | Killed Natasha
  4624 | D:4      | Gained mutation: You have a pair of small antennae on your
                  | head. [demonic ancestry]
  4624 | D:4      | Reached XP level 6. HP: 47/47 MP: 7/7
  5327 | D:5      | Reached skill level 1 in Shields
  5349 | D:5      | Reached * piety under Okawaru
  5586 | D:5      | Noticed a sky beast
  5609 | D:5      | Killed a sky beast
  5610 | D:5      | Reached skill level 4 in Axes
  5610 | D:5      | Gained mutation: You have a pair of antennae on your head.
                  | [demonic ancestry]
  5610 | D:5      | Reached XP level 7. HP: 30/53 MP: 6/9
  5798 | D:5      | HP: 2/54 [poisoned by a scorpion]
  6063 | D:5      | Reached skill level 5 in Axes
  6321 | D:5      | Found a shadowy altar of Dithmenos.
  6444 | D:5      | Reached ** piety under Okawaru
  6752 | D:5      | Found a shimmering altar of Xom.
  7084 | D:6      | Reached XP level 8. HP: 61/61 MP: 11/11
  7089 | D:6      | Found Bolemuum's Book Emporium.
  7578 | D:6      | Reached skill level 6 in Axes
  7807 | D:6      | Reached skill level 5 in Invocations
  8013 | D:6      | Found a hazy altar of Hepliaklqana.
  8112 | D:6      | Found an ornate altar of the Wu Jian Council.
  8390 | D:7      | Reached *** piety under Okawaru
  8572 | D:7      | Noticed Prince Ribbit
  9002 | D:7      | Reached skill level 5 in Fighting
  9004 | D:7      | Reached XP level 9. HP: 5/68 MP: 13/13
  9606 | D:7      | Killed Prince Ribbit
  9607 | D:7      | Reached skill level 7 in Axes
  9864 | D:4      | Killed Eustachio
 10318 | D:8      | Received a gift from Okawaru
 10665 | D:8      | Found a bloodstained altar of Trog.
 11046 | D:9      | Noticed Erolcha
 11191 | D:10     | Entered Level 10 of the Dungeon
 11259 | D:10     | Found a staircase to the Orcish Mines.
 11288 | D:10     | Reached skill level 8 in Axes
 11299 | D:10     | Reached **** piety under Okawaru
 11311 | D:10     | HP: 3/68 [shadow (10)]
 11312 | D:10     | Slain by an ogre zombie

Illustrated notes

Levels and vault maps discovered:
D:1:      nzn_arrival_depleted_hourglass, layout_basic, serial_forest,
          infiniplex_forest_straight_2, infiniplex_forest_lined_room_2,
          infiniplex_forest_clump_medium, infiniplex_forest_end_2,
          infiniplex_forest_diagonal, infiniplex_forest_end_double,
          infiniplex_forest_join, infiniplex_forest_corner_2, roderic_lattice_a,
          nemelex_diamond_rough_becter
D:2:      layout_basic, chequers_ecumenical_altar_simple_redux, minivault_19,
          uniq_natasha, uniq_jessica, uniq_robin
D:3:      layout_loops_ring
D:4:      layout_rooms, uniq_eustachio
D:5:      lemuel_ratsnest, layout_cave_pools, nicolae_dithmenos_shadow_blocks,
          zin_statuary, lemuel_altar_in_water, uniq_sigmund
D:6:      layout_loops_ring, lemuel_round_altar, general_overflow_altar,
          nicolae_wu_jian_immortal_techniques, serial_shops, shop, minmay_holes,
          minmay_misc_feat_encased, kennysheep_potato
D:7:      layout_gridville, nicolae_overflow_hidden_temple,
          minmay_temple_entry_statues, uniq_prince_ribbit1
D:8:      layout_rooms, kennysheep_mini
D:9:      layout_stronghold, uniq_erolcha
D:10:     layout_roguey, erik_lair_island, zombieorc2_lemuel
Temple:   regret_index_temple_generic_petals

Skill      XL: |  1  2  3  4  5  6  7  8  9 |
---------------+----------------------------+-----
Axes           | 2 3 4 5 6 8 |  8.1
Stealth        | 5 6 |  6.2
Dodging        | 2 3 4 |  4.0
Armour         | 1 2 3 |  3.6
Invocations    | 1 2 3 4 5 7 |  7.0
Shields        | 1 2 |  2.3
Fighting       | 4 5 |  5.6

Action                   |  1- 3 |  4- 6 |  7- 9 || total
-------------------------+-------+-------+-------++-------
Melee: Hand axe          |    59 |   285 |   326 ||   670
Invok: Heroism           |       |     1 |     1 ||     2
  Use: Scroll            |     1 |     1 |       ||     2
       Potion            |     1 |       |     3 ||     4
 Stab: Sleeping          |     2 |    16 |     5 ||    23
       Distracted        |       |       |     2 ||     2
Armor: Leather armour    |    11 |    57 |    93 ||   161
       Skin              |       |    12 |       ||    12
Dodge: Dodged            |    50 |   122 |   150 ||   322
Block: Other             |    14 |    54 |    42 ||   110

Table legend: (Time is in decaauts)
 A = Elapsed time spent in this place.
 B = Non-inter-level travel time spent in this place.
 C = Inter-level travel time spent in this place.
 D = Time resting spent in this place.
 E = Time spent auto-exploring this place.
 F = Levels seen in this place.
 G = Mean time per level.
                   A        B        C        D        E       F      G
               +--------+--------+--------+--------+--------+-----+--------+
         Total |  11350 |  10991 |    359 |   1896 |   7245 |  11 | 1031.8 |
       Dungeon |  11060 |  10756 |    304 |   1896 |   7016 |  10 | 1106.0 |
        Temple |    290 |    235 |     55 |      0 |    229 |   1 |  290.0 |
               +--------+--------+--------+--------+--------+-----+--------+

Top non-repeatable levels by time:
     D:5: 1837 daAuts
     D:3: 1692 daAuts
     D:7: 1655 daAuts
     D:1: 1300 daAuts
     D:6: 1283 daAuts
     D:2: 1267 daAuts
     D:4: 892 daAuts
     D:8: 601 daAuts
     D:9: 411 daAuts
  Temple: 290 daAuts
    D:10: 116 daAuts
